AoeStats
← DS_CuervoNegro

Arabia

510573552Analyzed
1v1 RM · 7h ago on Oct 1, 2026· 43m 3s· 2 players
Game mode
Random Map
Map size
Tiny (2 player)
Population
200
Speed
Normal
Resources
Standard
Victory
Conquest
Starting age
Dark Age
Ending age
Imperial Age
RankedLock teamsTeams togetherTeam positionsShared explorationLock speedFull tech treeHidden civsTurbo modeCheats
Victory
Defeat
🇺🇸 Byzantines · United States
836
+15
🇦🇷 Portuguese · Argentina
821
-15
DS_CuervoNegro
9:53 Loom
11:39 Feudal Age
12:40 Double-Bit Axe
22:41 Castle Age
20:50 Horse Collar
26:45 Fervor
29:20 Bow Saw
37:54 Imperial Age
38:48 Stone Mining
38:52 Gold Mining
boobers420
11:31 Loom
13:16 Feudal Age
14:35 Horse Collar
14:45 Double-Bit Axe
19:32 Castle Age
18:24 Scale Barding Armor
19:45 Forging
20:06 Stone Mining
27:02 Bow Saw
30:59 Imperial Age
30:30 Chain Barding Armor
30:46 Iron Casting
31:40 Devotion
32:15 Cavalier
32:56 Husbandry
33:46 Faith
33:41 Heavy Plow
38:16 Two-Man Saw
38:33 Chemistry
38:52 Block Printing
41:14 Redemption
Connection lost

Rejoining the realm…

Still unreachable

The connection could not be restored.

Session expired

The server has moved on; the page needs a fresh start.